 Dungeon Crawl Stone Soup version 0.28.0-53-g5a82cb258f (webtiles) character file.

Game seed: 7569153012323637527

2170 Sin92 the Slasher (level 9, -7/68 HPs)
             Began as a Demonspawn Fighter on July 15, 2022.
             Was an Initiate of Dithmenos.
             Mangled by an orc warrior
             ... wielding a +0 battleaxe
              (8 damage)
             ... on level 8 of the Dungeon.
             The game lasted 00:14:18 (9711 turns).

Sin92 the Slasher (Demonspawn Fighter)              Turns: 9711, Time: 00:14:19

Health: -7/68      AC: 10    Str: 24    XL:     9   Next: 11%
Magic:  14/14      EV: 11    Int: 10    God:    Dithmenos [......]
Gold:   324        SH:  5    Dex: 17    Spells: 14/14 levels left

rFire   . . .      SeeInvis .   a - +2 long sword (elec)
rCold   . . .      Faith    .   c - +0 buckler
rNeg    . . .      Spirit   .   b - +1 scale mail
rPois   .          Reflect  .   (no helmet)
rElec   .          Harm     .   (no cloak)
rCorr   .          Rampage  .   (no gloves)
Will    .....                   (no boots)
Stlth   +.........              i - amulet of the acrobat
HPRegen 0.21/turn               o - +6 ring of strength
MPRegen 0.14/turn               (no ring)

@: no status effects
A: hooves 2, molten scales 1, demonic guardian 1, demonic magic 2, strong 1,
noise suppression
a: Renounce Religion


You were on level 8 of the Dungeon.
You worshipped Dithmenos.
Dithmenos was noncommittal.
You visited 2 branches of the dungeon, and saw 9 of its levels.

You collected 324 gold pieces.

Inventory:

Hand Weapons
 a - a +2 long sword of electrocution (weapon)
 d - a +1 trident of flaming
Armour
 b - a +1 scale mail (worn)
 c - a +0 buckler (worn)
 q - a +0 helmet
Jewellery
 i - an amulet of the acrobat (around neck)
 k - a ring of resist corrosion
 l - an amulet of magic regeneration
 n - a ring of magical power
 o - a +6 ring of strength (left hand)
Scrolls
 e - 4 scrolls of magic mapping
Potions
 f - a potion of haste
 g - 2 potions of cancellation
 h - a potion of brilliance
 j - 5 potions of curing
 m - 2 potions of magic


   Skills:
 + Level 5.1 Fighting
 * Level 6.0 Long Blades
 + Level 4.6 Armour
 + Level 3.0 Dodging
 + Level 4.2 Stealth
 + Level 4.8 Shields
 + Level 3.4 Spellcasting


You had 14 spell levels left.
You didn't know any spells.
Your spell library contained the following spells:

 Spells                   Type           Power      Damage    Failure   Level
 Corpse Rot               Necr/Air       2%         N/A       77%         2
 Dispel Undead            Necr           1%         3d6       100%        4
 Death Channel            Necr           0%         N/A       100%        6


Dungeon Overview and Level Annotations

Branches:
Dungeon (8/15)             Temple (1/1) D:7
   Lair: D:8-11

Altars:
Ashenzari
Cheibriados
Dithmenos
Elyvilon
Fedhas
Gozag
Hepliaklqana
Kikubaaqudgha
Makhleb
Nemelex Xobeh
Okawaru
Qazlal
Ru
Sif Muna
Trog
Uskayaw
Vehumet
Wu Jian
Xom
Yredelemnul
The Shining One

Shops:
D:1 (   D:4 (


Innate Abilities, Weirdness & Mutations

You have hoof-like feet.
You are partially covered in molten scales. (AC +2)
A weak demonic guardian rushes to your aid.
Spells you cast may paralyse nearby enemies.
Your muscles are strong. (Str +2)
You passively dampen the noise of your surroundings.


Message History

There are monsters nearby!
You slash the orc warrior!
You kick the orc warrior, but do no damage.
The orc warrior is heavily wounded.
The orc warrior hits you with a +0 battleaxe!!
You are too injured to fight recklessly!
Unknown command.
You are too injured to fight recklessly!
You are too injured to fight recklessly!
Unknown command.
You are too injured to fight recklessly!
You swap places.
The orc warrior hits your quasit with a +0 battleaxe!
Your quasit bites the orc warrior but does no damage.
Your quasit claws the orc warrior but does no damage. x2
You see here a +0 robe.
The centaur wields a +0 shortbow.
The centaur shoots an arrow.
The arrow completely misses you.
The orc warrior hits you with a +0 battleaxe.
The orc warrior barely misses something.
You hit the orc warrior but do no damage.
Lightning courses through the orc warrior!
You kick the orc warrior.
The orc warrior is almost dead.
The centaur shoots an arrow.
The arrow misses you. The arrow misses your quasit.
A centaur warrior comes into view.
The orc warrior barely misses you.
The centaur shoots an arrow.
You block the arrow.
The orc warrior hits you with a +0 battleaxe!
You closely miss the orc warrior.
The orc warrior is almost dead.
The centaur warrior wields a +0 longbow.
The centaur warrior shoots an arrow.
The arrow hits you!!
* * * LOW HITPOINT WARNING * * *
The centaur shoots an arrow.
The arrow misses you. The arrow closely misses your quasit.
Something closely misses your quasit.
A tengu warrior comes into view. It is wielding a +0 battleaxe.
The orc warrior hits you with a +0 battleaxe!
You die...

# #. #.##
#..Q ##.c
######
#.#c#.#.#o#
#o#@#.#.#
##o#5#.##
#.#.#.#.#
##.#.#.##..
##.#.##..
##.###.#
#.#.#..
##†##.#
#.#..#


You could see a tengu warrior, a centaur warrior, an orc warrior (ally target),
a centaur and a friendly quasit (summoned).

Vanquished Creatures
  Prince Ribbit (D:6)
  Sigmund (D:3)
  A water moccasin (D:5)
  2 black bears
  An ice beast (D:5)
  An ogre (D:4)
  2 sky beasts
  A centaur (D:7)
  2 kobold brigands (D:4)
  A wyvern zombie (D:6)
  A scorpion (D:3)
  A water moccasin zombie (D:6)
  A wyvern skeleton (D:7)
  A wight (D:8)
  A centaur zombie (D:7)
  3 orc priests
  3 hounds
  3 jellies
  3 iguanas
  3 orc wizards
  A howler monkey skeleton (D:4)
  6 adders
  A shadow imp (D:6)
  2 white imps
  An adder skeleton (D:4)
  A worm (D:2)
  A dart slug (D:1)
  21 orcs
  5 endoplasms
  A giant cockroach (D:1)
  9 goblins
  12 hobgoblins
  6 jackals
  3 quokkas
  8 ball pythons
  5 bats
  4 frilled lizards
  12 kobolds
  23 rats
155 creatures vanquished.

Notes
Turn   | Place    | Note
-------+----------+-------------------------------------------
     0 | D:1      | Sin92 the Demonspawn Fighter began the quest for the Orb.
     0 | D:1      | Reached XP level 1. HP: 18/18 MP: 1/1
   126 | D:1      | Reached skill level 2 in Long Blades
   132 | D:1      | Gained mutation: You have large cloven feet. [demonic
                  | ancestry]
   132 | D:1      | Reached XP level 2. HP: 14/24 MP: 2/2
   662 | D:1      | Found Atiotz's Antique Weapon Boutique.
   844 | D:1      | Reached XP level 3. HP: 29/29 MP: 4/4
   957 | D:1      | Found a faded altar of an unknown god.
  1302 | D:2      | Reached skill level 1 in Spellcasting
  1552 | D:2      | Reached skill level 1 in Stealth
  1815 | D:2      | Gained mutation: You are partially covered in molten
                  | scales. (AC +2) [demonic ancestry]
  1815 | D:2      | Reached XP level 4. HP: 35/35 MP: 5/5
  2580 | D:3      | Noticed Sigmund
  2708 | D:3      | Killed Sigmund
  2709 | D:3      | Reached skill level 3 in Long Blades
  2709 | D:3      | Gained mutation: Spells you cast may paralyse adjacent
                  | enemies. [demonic ancestry]
  2709 | D:3      | Reached XP level 5. HP: 8/41 MP: 5/7
  3111 | D:3      | Reached XP level 6. HP: 27/48 MP: 8/8
  3854 | D:4      | Found Tukachol's Antique Weapon Boutique.
  4072 | D:4      | Gained mutation: You occasionally shout uncontrollably at
                  | your foes. [potion of mutation]
  4072 | D:4      | Lost mutation: You occasionally shout uncontrollably at
                  | your foes. [potion of mutation]
  4072 | D:4      | Gained mutation: Your muscles are strong. (Str +2) [potion
                  | of mutation]
  4072 | D:4      | Gained mutation: You passively dampen the noise of your
                  | surroundings. [potion of mutation]
  4379 | D:4      | Reached skill level 4 in Long Blades
  4379 | D:4      | Reached skill level 1 in Dodging
  4379 | D:4      | Gained mutation: Spells you cast may paralyse nearby
                  | enemies. [demonic ancestry]
  4379 | D:4      | Reached XP level 7. HP: 48/54 MP: 9/9
  6115 | D:5      | Entered Level 5 of the Dungeon
  7073 | D:5      | Gained mutation: A weak demonic guardian rushes to your
                  | aid. [demonic ancestry]
  7073 | D:5      | Reached XP level 8. HP: 41/61 MP: 11/11
  7349 | D:5      | Reached skill level 5 in Long Blades
  7831 | D:6      | Noticed Prince Ribbit
  7839 | D:6      | Killed Prince Ribbit
  8044 | D:6      | Reached skill level 5 in Fighting
  8625 | D:7      | Gained mutation: You have hoof-like feet. [demonic
                  | ancestry]
  8625 | D:7      | Reached XP level 9. HP: 68/68 MP: 13/13
  8806 | D:7      | Found a staircase to the Ecumenical Temple.
  9326 | Temple   | Entered the Ecumenical Temple
  9505 | Temple   | Became a worshipper of Dithmenos the Shadowed
  9600 | D:8      | Reached skill level 6 in Long Blades
  9710 | D:8      | Noticed a centaur warrior
  9711 | D:8      | HP: 1/68 [centaur warrior/arrow (22)]
  9711 | D:8      | Noticed a tengu warrior
  9711 | D:8      | Mangled by an orc warrior

Illustrated notes

Levels and vault maps discovered:
D:1:      nicolae_arrival_somewhat_less_tricky_arrival, layout_loops_cross,
          serial_shops, shop, hellmonk_ecumenical_altar_lost_god,
          minmay_indecisive_spiral
D:2:      layout_basic, serial_glass, glass_columns_a, glass_columns_a,
          minmay_between
D:3:      layout_rooms, kennysheep_decorative_pillar, minmay_crystal_water,
          minmay_rat_hole, uniq_sigmund
D:4:      cheibrodos_thug_alley, layout_loops_ring, serial_shops,
          nicolae_shop_trees, minivault_25, minmay_close_crescents
D:5:      black_bear_nest_1, layout_rooms, grunt_decor_one_mirror,
          grunt_decor_cap, nrook_pool_corridor, minmay_fountain_box,
          minmay_misc_feat_plants
D:6:      layout_loops_ring, bh_walls_and_bars, uniq_prince_ribbit1
D:7:      layout_gridville, minmay_temple_entry_sparse_star
D:8:      minmay_the_grid_four_pointed_star
          [minmay_the_grid_triangle_9x9_impossible_snake,
          minmay_the_grid_triangle_9x9_subtriangle,
          minmay_the_grid_triangle_9x9_from_above,
          minmay_the_grid_triangle_9x9_checkered,
          minmay_the_grid_prize_shrinking_boxes], layout_loops_cross,
          minmay_shop_damaged, minmay_mini_ossuary
Temple:   kilobyte_greek_temple

Skill      XL: |  1  2  3  4  5  6  7  8  9 |
---------------+----------------------------+-----
Long Blades    | 2 3 4 5 6 |  6.0
Spellcasting   | 1 2 3 |  3.4
Stealth        | 1 2 3 4 |  4.2
Shields        | 3 4 |  4.8
Armour         | 3 4 |  4.6
Fighting       | 4 5 |  5.1
Dodging        | 1 2 3 |  3.0

Action                   |  1- 3 |  4- 6 |  7- 9 || total
-------------------------+-------+-------+-------++-------
Melee: Long sword        |   105 |   131 |   244 ||   480
       Kick              |    12 |    36 |    74 ||   122
  Use: Scroll            |       |     8 |     6 ||    14
       Potion            |       |     5 |     4 ||     9
 Stab: Sleeping          |       |       |     1 ||     1
Armor: Scale mail        |    74 |    48 |   149 ||   271
Dodge: Dodged            |    54 |    44 |   126 ||   224
Block: Buckler           |    37 |    26 |    56 ||   119
